 Dungeon Crawl Stone Soup version 0.29-a0-284-gf9362112df (webtiles) character file.

Game seed: 18045961954898731370

198 gzilladon the Caller (level 5, 0/36 (39) HPs)
             Began as a Hill Orc Summoner on Mar 24, 2022.
             Slain by a necrophage (3 damage)
             ... on level 4 of the Dungeon.
             The game lasted 00:12:44 (2851 turns).

gzilladon the Caller (Hill Orc Summoner)            Turns: 2851, Time: 00:12:44

HP:   0/36 (39)     AC:  2    Str: 17    XL:     5   Next: 77%
MP:   8/8           EV: 12    Int: 17    God:
Gold: 101           SH:  0    Dex: 11    Spells: 7/8 levels left

rFire   . . .      SeeInvis .   m - +0 mace
rCold   . . .      Faith    .   (no shield)
rNeg    . . .      Spirit   .   a - +0 robe
rPois   .          Reflect  .   (no helmet)
rElec   .          Harm     .   (no cloak)
rCorr   .          Rampage  .   (no gloves)
Will    .....                   (no boots)
Stlth   ++........              (no amulet)
HPRegen 0.12/turn               e - +6 ring of strength
MPRegen 0.11/turn               (no ring)

@: drained
A: no striking features
a: no special abilities


You were on level 4 of the Dungeon.
You visited 1 branch of the dungeon, and saw 4 of its levels.

You collected 101 gold pieces.

Inventory:

Hand Weapons
 f - a +0 club
 m - a +0 mace (weapon)
Missiles
 g - 151 stones
 l - 3 boomerangs
Armour
 a - a +0 robe (worn)
Magical Staves
 o - a staff of poison
Jewellery
 e - a +6 ring of strength (left hand)
Wands
 i - a wand of polymorph (9)
Scrolls
 k - a scroll of noise
 n - a scroll of identify {unknown}
 q - a scroll of amnesia {unknown}
Potions
 b - a potion of magic
 c - a potion of experience {unknown}
 h - 2 potions of brilliance {unknown}
 j - a potion of mutation {unknown}
 p - a potion of degeneration {unknown}


   Skills:
 + Level 0.9 Fighting
 + Level 1.5 Maces & Flails
 + Level 2.2 Dodging
 + Level 2.0 Stealth
 + Level 0.9 Unarmed Combat
 + Level 2.1 Spellcasting
 + Level 5.5 Summonings


You had 7 spell levels left.
You knew the following spells:

 Your Spells              Type           Power      Damage    Failure   Level
a - Summon Small Mammal   Summ           80%        N/A       1%          1

Your spell library contained the following spells:

 Spells                   Type           Power      Damage    Failure   Level
 Call Imp                 Summ           20%        N/A       3%          2
 Call Canine Familiar     Summ           20%        N/A       6%          3
 Animate Skeleton         Necr           2%         N/A       19%         1
 Pain                     Necr           4%         1d4       19%         1
 Summon Guardian Golem    Hex/Summ       11%        N/A       19%         3
 Confusing Touch          Hex            1%         N/A       50%         3
 Inner Flame              Hex/Fire       1%         N/A       50%         3
 Vampiric Draining        Necr           1%         2d6       50%         3
 Summon Lightning Spire   Summ/Air       11%        N/A       52%         4
 Cause Fear               Hex            0%         N/A       88%         4
 Yara's Violent Unravell  Hex/Tmut       0%         3d3       99%         5
 Enfeeble                 Hex            0%         N/A       100%        7
 Discord                  Hex            0%         N/A       100%        8


Dungeon Overview and Level Annotations

Branches:
Dungeon (4/15)
 Temple: D:4-7

Altars:


Message History

Confirm with . or Enter, or press ? or * to list all spells.
The necrophage misses you.
The necrophage attacks as you move away!
The necrophage closely misses you.
Your rat bites the necrophage but does no damage.
Your rat barely misses the necrophage.
The necrophage attacks as you move away!
The necrophage hits you.
* * * LOW HITPOINT WARNING * * *
An orc wizard appears from thin air!
Reactivating autopickup.
You feel much better.
The orc wizard hits you but does no damage.
The necrophage hits you.
Your rat bites the necrophage.
You hit the orc wizard.
The orc wizard is heavily wounded.
The necrophage hits you.
You feel drained.
The orc wizard hits you with a +0 dagger.
Your rat closely misses the necrophage.
You hit the orc wizard.
The orc wizard is heavily wounded.
The necrophage hits you.
The orc wizard gestures at you while chanting.
The puff of flame hits you!
* * * LOW HITPOINT WARNING * * *
Your rat completely misses the necrophage.
You barely miss the orc wizard.
The orc wizard is heavily wounded.
The necrophage hits you.
* * * LOW HITPOINT WARNING * * *
The orc wizard misses you.
Your rat barely misses the necrophage.
The necrophage barely misses you.
The orc wizard casts a spell.
The orc wizard flickers and vanishes!
Deactivating autopickup; reactivate with Ctrl-A.
Your rat barely misses the necrophage.
You hit the necrophage.
The necrophage is lightly damaged.
The necrophage hits you.
You die...

...#..##.........##.....
..###......##>..........
......#.#.......<.....#
#.###.######...#.>.##.#..
#####.# ###.#..#....##...
. #..###............#..>
.# #....#................
##.....................
#............{@......#
#...........rn.....#..
...##.).##........## .
##))...###.....#
###.....# #.....#
#?.....####..##..#
.##.....###....#..#
............##...#..#
......##.....#.....##


You could see a necrophage (ally target) and a friendly rat (summoned).

Vanquished Creatures
  Sigmund (D:2)
  An adder (D:3)
  4 orcs (D:4)
  2 endoplasms
  2 giant cockroaches (D:3)
  5 goblins
  2 hobgoblins
  A quokka (D:1)
  5 ball pythons
  A bat (D:2)
  6 frilled lizards
  2 kobolds (D:1)
  A rat (D:1)
33 creatures vanquished.

Vanquished Creatures (collateral kills)
  2 endoplasms (D:2)
  A kobold (D:2)
  2 rats (D:2)
5 creatures vanquished.

Grand Total: 38 creatures vanquished

Notes
Turn   | Place    | Note
-------+----------+-------------------------------------------
     0 | D:1      | gzilladon the Hill Orc Summoner began the quest for the
                  | Orb.
     0 | D:1      | Reached XP level 1. HP: 14/14 MP: 3/3
    58 | D:1      | Found a faded altar of an unknown god.
  1177 | D:1      | Reached XP level 2. HP: 10/20 MP: 4/4
  1549 | D:2      | Noticed Sigmund
  1563 | D:2      | Killed Sigmund
  1564 | D:2      | Reached skill level 1 in Maces & Flails
  1564 | D:2      | Reached skill level 5 in Summonings
  1564 | D:2      | Reached XP level 3. HP: 10/27 MP: 1/6
  1564 | D:2      | Reached XP level 4. HP: 13/34 MP: 1/7
  1564 | D:2      | Reached XP level 5. HP: 15/39 MP: 1/8
  2851 | D:4      | Slain by a necrophage

Illustrated notes

Levels and vault maps discovered:
D:1:      sevenhm_arrival_forest_fort_small_6, layout_basic,
          hellmonk_ecumenical_altar_slurped_away, hangedman_abyss_or_decor_stabs
D:2:      layout_rooms, serial_rivers, chequers_serial_rivers_micro_a,
          chequers_serial_rivers_micro_a, chequers_serial_rivers_room_b,
          chequers_serial_rivers_large_b, chequers_serial_rivers_marsh,
          minmay_distorted, uniq_sigmund
D:3:      layout_basic, minmay_stone_trees_small
D:4:      layout_cave_pools

Skill      XL: |  1  2 |
---------------+-------+-----
Maces & Flails | 1 |  1.5
Dodging        | 2 |  2.2
Stealth        | 2 |  2.0
Spellcasting   | 2 |  2.1
Summonings     | 5 |  5.5
Fighting       | |  0.9
Unarmed Combat | |  0.9

Action                   |  1- 3 |  4- 6 || total
-------------------------+-------+-------++-------
Melee: Club              |    39 |    80 ||   119
       Unarmed           |    16 |       ||    16
       Mace              |       |    19 ||    19
 Cast: Summon Small Mamm |     4 |     4 ||     8
  Use: Potion            |       |     3 ||     3
       Scroll            |       |     2 ||     2
 Stab: Sleeping          |       |     2 ||     2
Armor: Robe              |     5 |    23 ||    28
Dodge: Dodged            |    38 |    71 ||   109

Table legend: (Time is in decaauts)
 A = Elapsed time spent in this place.
 B = Non-inter-level travel time spent in this place.
 C = Inter-level travel time spent in this place.
 D = Time resting spent in this place.
 E = Time spent auto-exploring this place.
 F = Levels seen in this place.
 G = Mean time per level.
                   A        B        C        D        E       F      G
               +--------+--------+--------+--------+--------+-----+--------+
         Total |   2891 |   2784 |    107 |   1448 |      0 |   4 |  722.8 |
       Dungeon |   2891 |   2784 |    107 |   1448 |      0 |   4 |  722.8 |
               +--------+--------+--------+--------+--------+-----+--------+

Top non-repeatable levels by time:
     D:1: 1494 daAuts
     D:2: 630 daAuts
     D:3: 572 daAuts
     D:4: 194 daAuts
